 Dungeon Sprint DCSS version 0.23-b1-70-gd12f7cf (webtiles) character file.

Game seed: 5577473268517328452

8565 poirepourri the Imperceptible (level 11, 0/65 (66) HPs)
             Began as a Spriggan Enchanter on Feb 6, 2019.
             Was an Elder of Dithmenos.
             Succumbed to a death drake's dark miasma
             ... in the Dungeon (Sprint II: "The Violet Keep of Menkaure").
             The game lasted 00:11:57 (2709 turns).

poirepourri the Imperceptible (Spriggan Enchanter)  Turns: 2709, Time: 00:11:57

HP:   0/65 (66)     AC:  6    Str:  4    XL:     11   Next: 11%
MP:   40/40         EV: 21    Int: 17    God:    Dithmenos [****..]
Gold: 221           SH:  0    Dex: 20    Spells: 29/41 levels left

rFire    + . .     SeeInvis +   i - +5 dagger (freeze)
rCold    + . .     Gourm    .   (shield restricted)
rNeg     . . .     Faith    .   x - +2 troll leather armour
rPois    +         Spirit   .   (helmet restricted)
rElec    +         Reflect  .   (no cloak)
rCorr    +         Harm     .   (gloves unavailable)
MR       +....     NoTele   +   (boots unavailable)
Stlth    ++++++++++             w - amulet of magic regeneration
HPRegen  0.60/turn              c - ring of magical power
MPRegen  0.52/turn              e - ring of wizardry

@: lethally poisoned (0 -> -23), resistant, very slightly contaminated, slowed,
wreathed by umbra, quick
A: very small, unfitting armour, see invisible, herbivore, speed 3, slow
metabolism 2
a: Shadow Step, Renounce Religion


You were in the Dungeon.
You worshipped Dithmenos.
Dithmenos was greatly pleased with you.
You were not hungry.

You visited 1 branch You collected 1581 gold pieces.
You spent 1360 gold pieces at shops.

Inventory:

Hand Weapons
 a - a +1 dagger
 i - a +5 dagger of freezing (weapon)
Armour
 b - a +0 robe
 x - a +2 troll leather armour (worn)
Jewellery
 c - a ring of magical power (left hand)
 e - a ring of wizardry (right hand)
 p - an uncursed ring of fire {unknown}
 w - an amulet of magic regeneration (around neck)
Scrolls
 j - a scroll of blinking
 q - 2 scrolls of fear
 r - 2 scrolls of remove curse
Potions
 g - 2 potions of haste
 h - 5 potions of magic
 k - a potion of ambrosia
 l - 2 potions of might
 n - 3 potions of agility
 o - 2 potions of flight
 u - 2 potions of resistance
Comestibles
 d - 4 rations


   Skills:
 - Level 11.9 Fighting
 - Level 7.2 Short Blades
 - Level 7.0 Dodging
 + Level 21.1 Stealth
 - Level 15.6 Spellcasting
 - Level 11.3 Hexes


You had 29 spell levels left.
You knew the following spells:

 Your Spells              Type           Power        Failure   Level  Hunger
a - Corona                Hex            ######.      1%          1    None
b - Ensorcelled Hibernat  Hex/Ice        ####..       1%          2    None
c - Confuse               Hex            ######..     1%          3    None
d - Tukima's Dance        Hex            ######..     1%          3    None
e - Dazzling Spray        Conj/Hex       ####..       1%          3    None

Your spell library contained the following spells:

 Spells                   Type           Power        Failure   Level  Hunger


Dungeon Overview and Level Annotations

Branches:
Dungeon (1/1)

Altars:
Cheibriados
Dithmenos
Elyvilon
Fedhas
Gozag
Hepliaklqana
Kikubaaqudgha
Makhleb
Nemelex Xobeh
Okawaru
Qazlal
Ru
Sif Muna
Trog
Uskayaw
Vehumet
Wu Jian
Xom
Yredelemnul
Zin
The Shining One
Beogh
Jiyva
Lugonu

Shops:
D ==::%?[[%=(!!}}*

Annotations:
D exclusion: oklob plant


Innate Abilities, Weirdness & Mutations

You are very small and have problems with some larger weapons.
You are too small for most types of armour.
You have supernaturally acute eyesight. (SInv)
You are a herbivore.
You cover ground extremely quickly.
You need to consume almost no food.


Message History

You feel your flesh rotting away!
You feel as though you will be slow longer.
You feel sick. The death drake breathes miasma at you.
The foul vapour misses you.
You are engulfed in dark miasma.
You are lethally poisoned!
You feel very sick.
You are engulfed in dark miasma.
* * * LOW HITPOINT WARNING * * *
x2 You feel very sick.
The orange crystal statue is engulfed in mutagenic fog.
You open the door.
* * * LOW HITPOINT WARNING * * *
You feel very sick.
The orange crystal statue is engulfed in mutagenic fog. x2
* * * LOW HITPOINT WARNING * * *
You feel very sick.
There is an open door here.
You die...

∩∩∩∩∩*,,+,##≈§§≈§≈§**⌠,,,,*+***,,
∩∩∩∩∩*,,*##≈≈§§§≈≈≈≈**,,,,*,,*▓▓+
*******,,+≈§≈§§8§≈≈≈≈**++**,,,+..
,,**,,,**##≈§§§≈§≈≈≈**≈,,,***,#..
,,,*,,,,,≈##≈§§§§≈≈**,≈,,,,,###°.
#########≈≈#+++#+++##***,..^#!##"
########≈≈≈......k..#,,+,,..#8.#○
.......#≈≈≈≈.##'##..#,,***#.#†÷#}
∩.....∩#≈≈≈≈###.@##°####,,+.##.#:
.∩...∩.#≈≈≈≈#.##..#°8..#,,#..°###
∩.∩.∩.∩#≈≈####.#.####°.##*##.○##.
.∩.∩.∩.#≈##.###'###.##..#,,+°k#..
..∩.∩..#≈##..##.##...#..#,,#°°#..
...⌠...'≈+.##'.<.'###'((####°°##.
.......#≈##..##.##...#...)###...#
▓▓▓▓▓###≈##.###'###.##..§§8°≈≈≈≈≈
.Y######≈≈####...####≈≈..§..†#'##


You could see an orange crystal statue.

Vanquished Creatures
  A kraken (D)
  2 sphinxes (D)
  A death drake (D)
  2 deep trolls (D)
  A merfolk siren (D)
  A yaktaur (D)
  3 polar bears (D)
  2 tyrant leeches (D)
  A hornet (D)
  A vampire mosquito (D)
  Menkaure (D)
  2 swamp drakes (D)
  3 crocodiles (D)
  4 worker ants (D)
  3 worms (D)
28 creatures vanquished.

Vanquished Creatures (others)
  A crocodile (D)
  12 tentacles (D)
13 creatures vanquished.

Grand Total: 41 creatures vanquished

Notes
Turn   | Place    | Note
-------+----------+-------------------------------------------
     0 | D        | poirepourri the Spriggan Enchanter began the quest for the
                  | Orb.
     0 | D        | Reached XP level 1. HP: 9/9 MP: 5/5
     1 | D        | Noticed a tyrant leech
     1 | D        | Noticed a tyrant leech
    14 | D        | Reached skill level 6 in Stealth
    16 | D        | Killed a crocodile
   159 | D        | Noticed a worker ant
   159 | D        | Noticed a worker ant
   159 | D        | Noticed a worker ant
   159 | D        | Noticed a worker ant
   162 | D        | Killed a worker ant
   162 | D        | Reached skill level 10 in Stealth
   162 | D        | Reached XP level 2. HP: 13/13 MP: 6/6
   163 | D        | Reached skill level 11 in Stealth
   163 | D        | Reached XP level 3. HP: 16/16 MP: 8/8
   166 | D        | Reached skill level 12 in Stealth
   166 | D        | Reached XP level 4. HP: 21/21 MP: 9/9
   167 | D        | Reached skill level 13 in Stealth
   172 | D        | Noticed a merfolk siren
   175 | D        | Killed a merfolk siren
   175 | D        | Reached skill level 20 in Stealth
   175 | D        | Reached XP level 5. HP: 24/24 MP: 10/10
   175 | D        | Reached XP level 6. HP: 28/28 MP: 11/11
   196 | D        | Learned a level 3 spell: Confuse
   200 | D        | Learned a level 3 spell: Tukima's Dance
   203 | D        | Learned a level 2 spell: Ensorcelled Hibernation
   460 | D        | Killed a tyrant leech
   460 | D        | Reached XP level 7. HP: 32/32 MP: 5/17
   464 | D        | Killed a tyrant leech
   474 | D        | Learned a level 3 spell: Dazzling Spray
   567 | D        | Found Hutorul's Distillery.
   567 | D        | Found Guntir's Gadget Shop.
   567 | D        | Found Jiffurik's Jewellery Boutique.
   567 | D        | Found Vimibut's Assorted Antiques.
   567 | D        | Found Senetough's Antique Weapon Boutique.
   567 | D        | Found Vaic's Distillery.
   568 | D        | Found Xoezuyfe's Food Boutique.
   568 | D        | Found Hituph's Antique Armour Shop.
   568 | D        | Found Qohid's Gadget Boutique.
   569 | D        | Found Gaushruh's Antique Armour Shop.
   569 | D        | Found Qutwog's Magic Scroll Boutique.
   571 | D        | Found Zitwinle's Food Boutique.
   571 | D        | Found Wuracush's Book Shop.
   571 | D        | Noticed Menkaure
   571 | D        | Noticed a death yak
   571 | D        | Noticed an oklob plant
   572 | D        | Found Xaidgh's Jewellery Shop.
   572 | D        | Found Taezuq's Jewellery Boutique.
   572 | D        | Found Bikoga's Book Shoppe.
   588 | D        | Killed Menkaure
   601 | D        | Bought an uncursed ring of magical power for 240 gold
                  | pieces
   601 | D        | Bought an uncursed ring of wizardry for 360 gold pieces
   624 | D        | Noticed a shining eye
   626 | D        | Noticed a shining eye
   631 | D        | Bought a runed dagger for 100 gold pieces
   636 | D        | Bought a scroll of blinking for 105 gold pieces
   661 | D        | Bought a sedimented ruby potion for 23 gold pieces
   661 | D        | Bought a green potion for 23 gold pieces
   661 | D        | Bought an inky potion for 23 gold pieces
   665 | D        | Bought a potion of agility for 52 gold pieces
   678 | D        | Noticed a flying skull
   679 | D        | Noticed a vampire mosquito
   687 | D        | Killed a vampire mosquito
   687 | D        | Reached skill level 10 in Spellcasting
   687 | D        | Reached XP level 8. HP: 29/36 MP: 6/23
   788 | D        | Found an iron altar of Okawaru.
   788 | D        | Found an opulent altar of Gozag.
   789 | D        | Found a sparkling altar of Nemelex Xobeh.
   789 | D        | Found a blossoming altar of Fedhas.
   790 | D        | Found a radiant altar of Vehumet.
   790 | D        | Found a burning altar of Makhleb.
   790 | D        | Found a white marble altar of Elyvilon.
   791 | D        | Found a hide-covered altar of Uskayaw.
   791 | D        | Found a corrupted altar of Lugonu.
   791 | D        | Found a shadowy altar of Dithmenos.
   792 | D        | Found a glowing silver altar of Zin.
   792 | D        | Found a bloodstained altar of Trog.
   792 | D        | Found an ancient bone altar of Kikubaaqudgha.
   792 | D        | Found a snail-covered altar of Cheibriados.
   793 | D        | Found a basalt altar of Yredelemnul.
   793 | D        | Found a deep blue altar of Sif Muna.
   793 | D        | Found a viscous altar of Jiyva.
   794 | D        | Found a shimmering altar of Xom.
   794 | D        | Found a sacrificial altar of Ru.
   796 | D        | Found a glowing golden altar of the Shining One.
   796 | D        | Found an ornate altar of the Wu Jian Council.
   796 | D        | Found a stormy altar of Qazlal.
   796 | D        | Found a hazy altar of Hepliaklqana.
   796 | D        | Noticed a hornet
   796 | D        | Noticed a polar bear
   797 | D        | Found a roughly hewn altar of Beogh.
   797 | D        | Noticed a yaktaur
   804 | D        | Became a worshipper of Dithmenos the Shadowed
   855 | D        | Noticed a polar bear
   878 | D        | Killed a polar bear
   880 | D        | Killed a hornet
   883 | D        | Killed a polar bear
   883 | D        | Reached * piety under Dithmenos
   883 | D        | Reached skill level 10 in Hexes
  1131 | D        | Noticed a polar bear
  1149 | D        | Killed a polar bear
  1153 | D        | Killed a yaktaur
  1153 | D        | Reached XP level 9. HP: 39/39 MP: 24/24
  1177 | D        | Noticed a kraken
  1732 | D        | Killed a kraken
  1732 | D        | Reached ** piety under Dithmenos
  1732 | D        | Reached skill level 15 in Spellcasting
  1734 | D        | Noticed a purple draconian shifter
  1734 | D        | Noticed a glowing orange brain
  1734 | D        | Noticed a hellephant
  1925 | D        | Reached skill level 1 in Fighting
  2134 | D        | Noticed a deep troll
  2135 | D        | Noticed a deep troll
  2137 | D        | Killed a deep troll
  2137 | D        | Reached *** piety under Dithmenos
  2137 | D        | Reached skill level 5 in Fighting
  2137 | D        | Reached XP level 10. HP: 51/51 MP: 30/30
  2138 | D        | Killed a deep troll
  2171 | D        | Noticed a sphinx
  2171 | D        | Noticed a sphinx
  2174 | D        | Killed a sphinx
  2174 | D        | Reached skill level 10 in Fighting
  2175 | D        | Killed a sphinx
  2175 | D        | Reached XP level 11. HP: 66/66 MP: 31/31
  2219 | D        | Noticed a death drake
  2220 | D        | Noticed a death drake
  2220 | D        | Noticed a crystal guardian
  2221 | D        | Reached **** piety under Dithmenos
  2365 | D        | Bought a scroll of brand weapon for 280 gold pieces
  2365 | D        | Bought a scroll of fear for 49 gold pieces
  2365 | D        | Bought a scroll of enchant armour for 105 gold pieces
  2533 | D        | Killed a death drake
  2533 | D        | Reached skill level 21 in Stealth
  2706 | D        | Noticed an orange crystal statue
  2708 | D        | HP: 3/65 [poisoned by a death drake (dark miasma)]
  2709 | D        | Succumbed to a death drake's dark miasma

Skill      XL: |  1  2  3  4  5  6  7  8  9 10 11 |
---------------+----------------------------------+-----
Stealth        | 10 11 12 20 21 | 21.1
Short Blades   | 4 7 |  7.2
Spellcasting   | 6 10 15 | 15.6
Hexes          | 11 | 11.3
Dodging        | 7 |  7.0
Fighting       | 5 11 | 11.9

Action                   |  1- 3 |  4- 6 |  7- 9 | 10-12 || total
-------------------------+-------+-------+-------+-------++-------
Melee: Dagger            |     7 |    19 |    47 |     9 ||    82
 Cast: Corona            |     1 |       |       |       ||     1
       Ensorcelled Hiber |       |     6 |     4 |       ||    10
       Confuse           |       |     2 |    19 |     4 ||    25
       Dazzling Spray    |       |       |       |     2 ||     2
  Use: Potion            |     1 |     1 |     1 |     2 ||     5
       Scroll            |       |       |     5 |    12 ||    17
 Stab: Sleeping          |     3 |     4 |     6 |     5 ||    18
       Confused          |       |     1 |    11 |     2 ||    14
Dodge: Dodged            |     1 |     5 |    23 |     7 ||    36
